AoeStats
← 1980195387

Arabia

510272662Analyzed
2v2 RM · 1d ago on Sep 30, 2026· 53m 57s· 4 players
Game mode
Random Map
Map size
Medium (4 player)
Population
200
Speed
Normal
Resources
Standard
Victory
Conquest
Starting age
Dark Age
Ending age
Imperial Age
RankedLock teamsTeams togetherTeam positionsShared explorationLock speedFull tech treeHidden civsTurbo modeCheats
Victory
Defeat
🇨🇳 Britons · China
415
+15
🇨🇳 Byzantines · China
414
+15
🇺🇦 Teutons · Ukraine
472
-18
🇮🇳 Britons · India
316
-12
karthiksandy19
14:05 Feudal Age
15:32 Wheelbarrow
15:08 Horse Collar
20:04 Double-Bit Axe
20:58 Forging
20:53 Scale Mail Armor
23:27 Castle Age
22:30 Gold Mining
22:31 Stone Mining
22:36 Fletching
23:33 Padded Archer Armor
23:27 Arson
25:07 Iron Casting
24:03 Pikeman
25:22 Iron Casting
26:43 Chain Mail Armor
26:24 Bodkin Arrow
27:21 Gold Shaft Mining
30:03 Hand Cart
30:15 Bow Saw
30:28 Ballistics
30:24 Squires
33:18 Yeomen
37:28 Imperial Age
36:19 Leather Archer Armor
38:13 Bracer
39:06 Heavy Plow
41:34 Two-Man Saw
43:31 Ring Archer Armor
43:11 Siege Engineers
43:01 Murder Holes
45:13 Chemistry
48:08 Capped Ram
49:07 Halberdier
50:56 Blast Furnace
50:26 Plate Mail Armor
Deman501
9:45 Loom
13:00 Feudal Age
13:21 Horse Collar
13:29 Double-Bit Axe
14:27 Wheelbarrow
16:52 Gold Mining
16:53 Stone Mining
19:57 Man-at-Arms
23:13 Bloodlines
25:14 Castle Age
26:46 Hand Cart
26:40 Heavy Plow
26:55 Bow Saw
28:27 Long Swordsman
29:59 Squires
30:14 Forging
29:55 Fletching
30:11 Scale Barding Armor
35:45 Hand Cart
40:49 Imperial Age
38:24 Town Watch
41:54 Pikeman
42:57 Cavalier
44:37 Town Patrol
45:12 Halberdier
47:24 Stone Shaft Mining
47:12 Masonry
48:03 Chemistry
46:42 Halberdier
47:25 Bodkin Arrow
48:06 Iron Casting
47:31 Scale Mail Armor
50:06 Ironclad
50:12 Ironclad
50:16 Conscription
52:52 Elite Teutonic Knight
54:37 Blast Furnace
53:37 Scale Mail Armor
HANA
14:26 Feudal Age
15:45 Wheelbarrow
14:53 Horse Collar
15:01 Double-Bit Axe
16:02 Gold Mining
16:05 Stone Mining
22:19 Castle Age
21:34 Scale Mail Armor
21:49 Forging
21:39 Fletching
21:54 Scale Barding Armor
21:53 Loom
23:11 Bow Saw
23:04 Heavy Plow
23:39 Chain Mail Armor
24:59 Pikeman
25:40 Squires
26:37 Hand Cart
34:28 Iron Casting
34:14 Chain Barding Armor
33:50 Bodkin Arrow
37:35 Imperial Age
35:38 Greek Fire
38:06 Treadmill Crane
38:51 Ballistics
39:32 Chemistry
39:14 Plate Barding Armor
40:55 Crop Rotation
40:55 Husbandry
42:15 Logistica
42:28 Guilds
43:20 Elite Cataphract
44:40 Hoardings
45:23 Bracer
46:30 Cavalier
46:39 Capped Ram
47:40 Siege Ram
51:29 Two-Man Saw
50:58 Paladin
52:37 Elite Varangian Guard
1980195387
10:28 Feudal Age
16:33 Castle Age
15:29 Double-Bit Axe
18:43 Wheelbarrow
18:38 Bow Saw
21:29 Fletching
21:59 Gold Mining
23:30 Bodkin Arrow
24:30 Horse Collar
26:35 Padded Archer Armor
26:55 Heavy Plow
27:48 Leather Archer Armor
27:06 Elite Skirmisher
28:05 Loom
29:46 Stone Mining
30:35 Gold Shaft Mining
33:53 Imperial Age
32:15 Hand Cart
36:03 Bracer
36:34 Ring Archer Armor
37:00 Elite Longbowman
42:47 Yeomen
42:57 Yeomen
43:13 Hoardings
44:18 Capped Ram
50:01 Heavy Scorpion
51:48 Conscription
51:33 Warwolf
Connection lost

Rejoining the realm…

Still unreachable

The connection could not be restored.

Session expired

The server has moved on; the page needs a fresh start.